how to play like a monkey?

Match 28532740
End
Kradschützen Motorcycle Team
Selects Italian Combined Arms Battlegroup
Selects Bersaglieri Squad
Bersaglieri Squad
Bersaglieri Squad
Bersaglieri Squad
Construct Light Support Kompanie
Fire Support Elements
Selects Bersaglieri Bolster
Flakvierling Half-track
Panzerjäger Mechanized Group
Vehicle Survival Package
Pak 38 Anti-tank Gun Team
2.5-tonne Medical Truck
Pak 38 Mechanized Group
Selects Breda Model 30 Light Machine Guns
Veteran Squad Leaders
Panzerjäger Squad
Panzerjäger Mechanized Group
Construct Panzerarmee Kommand
Panzerpioneer Squad
Armored Reserves
Selects Semovente da 75/18 Assault Gun
Selects Carro Armato M13/40 Light Tank
Selects Pact of Steel
Tiger Heavy Tank
2.5-tonne Medical Truck
Emergency Repair Kits
MG34 Team
MG34 Team
MG34 Team
Rapid Advance
Tungsten Core Ammunition
lattouf
JEFG
0
0

Comments sign in to comment!

No comments posted yet!